 Dungeon Crawl Stone Soup version 0.32-a0-913-g739538afd8 (webtiles) character file.

Game seed: 13598862467374298221

17 jasper the Caller (level 2, 19/19 HPs)
             Began as a Merfolk Summoner on Apr 7, 2024.
             Quit the game on level 1 of the Dungeon.
             The game lasted 00:02:13 (596 turns).

jasper the Caller (Merfolk Summoner)                 Turns: 596, Time: 00:02:14

Health: 19/19      AC:  2    Str:  8    XL:     2   Next: 62%
Magic:  5/5        EV: 11    Int: 14    God:
Gold:   71         SH:  0    Dex: 14    Spells: 3/6 levels left

rFire   . . .        (no weapon)
rCold   . . .        (no shield)
rNeg    . . .        a - +0 robe
rPois   .            (no helmet)
rElec   .            (no cloak)
rCorr   .            (no gloves)
SInv    .            (no boots)
Will    .....        (no amulet)
Stlth   ++           (no ring)
HPRegen 0.23/turn    (no ring)
MPRegen 0.09/turn

%: no passive effects
@: no status effects
A: (nimble swimmer 2), mertail
a: no special abilities


You were on level 1 of the Dungeon.
You visited 1 branch of the dungeon, and saw 1 of its levels.

You collected 71 gold pieces.

Inventory:

Armour
 a - a +0 robe (worn)
Scrolls
 c - a scroll of noise {unknown}
 d - a scroll of acquirement {unknown}
 e - a scroll of summoning {unknown}
 f - a scroll of identify {unknown}
 h - a scroll of teleportation {unknown}
Potions
 b - a potion of magic
 g - a potion of curing {unknown}


   Skills:
 - Level 2.6 Dodging
 - Level 2.1 Stealth
 + Level 2.5 Spellcasting
 + Level 4.3 Summonings


You had 3 spell levels left.
You knew the following spells:

 Your Spells              Type           Power      Damage    Failure   Level
a - Summon Small Mammal   Summ           52%        N/A       3%          1
b - Call Imp              Summ           26%        N/A       6%          2

Your spell library contained the following spells:

 Spells                   Type           Power      Damage    Failure   Level
 Call Canine Familiar     Summ           13%        N/A       12%         3
 Summon Blazeheart Golem  Fire/Summ      7%         N/A       67%         4
 Summon Lightning Spire   Summ/Air       7%         N/A       67%         4


Dungeon Overview and Level Annotations

Branches:
Dungeon (1/15)

Altars:


Innate Abilities, Weirdness & Mutations

((You are very nimble when in or above water. (Stealth+, EV+, Speed+++)))
Your lower body shifts to a powerful aquatic tail in water.


Message History

A bat is nearby!
Casting: Call Imp (safe; 6% risk of failure)
Press: ? - help, Q - select action, (/) - cycle Dir - look around, f - activate A tiny devil pulls itself out of the air.
You now have 3/5 mp.
The bat barely misses you. x2
Your cerulean imp hits the bat but does no damage.
The bat attacks as it pursues you! The bat hits you but does no damage. x2
The bat completely misses your cerulean imp.
Your cerulean imp closely misses the bat.
You closely miss the bat. The bat closely misses you.
The bat barely misses your cerulean imp.
Your cerulean imp misses the bat.
The bat hits you but does no damage.
Found a stone staircase leading down.
The bat hits you but does no damage.
The bat hits your cerulean imp but does no damage.
Your cerulean imp hits the bat with a -3 spear.
The bat hits you but does no damage.
You miss the bat.
The bat is moderately wounded.
The bat barely misses you. The bat closely misses you.
Your cerulean imp hits the bat but does no damage.
The bat hits you.
You take 1 damage, and have 18/19 hp.
You hit the bat.
The bat is severely wounded.
The bat hits you but does no damage.
The bat barely misses your cerulean imp.
Your cerulean imp barely misses the bat.
The bat hits your cerulean imp but does no damage.
You miss the bat.
The bat is severely wounded.
The bat misses you. The bat misses your cerulean imp.
Your cerulean imp barely misses the bat.
You hit the bat.
You kill the bat!
An endoplasm comes into view.
Found a granite ring.
Health restored: 19; MP restored: 5 Are you sure you want to abandon this character and quit the game? (Confirm with "yes".)

.... .... ##.# ## ....
=>.# . .... #..#.##
..# #..#.. ..+ J....
..# #..# ..#####
##5.#.. ##....###
#.@.#.# #....+.#
#.#.#.#
##....#.#######.#.#.#
##....#...........#.#
†.....######........#
#.# #.....#
##.)........# #.#
#.###.###..#........#
#.#
#...#.##..##........#
#.#
###...#..######'##.(##
#.#


You could see an endoplasm (asleep, ally target) and a friendly cerulean imp
(summoned).

Vanquished Creatures
  A giant cockroach (D:1)
  A goblin (D:1)
  A bat (D:1)
3 creatures vanquished.

Vanquished Creatures (collateral kills)
  An endoplasm (D:1)
  A giant cockroach (D:1)
  3 quokkas (D:1)
  2 ball pythons (D:1)
  3 bats (D:1)
  A frilled lizard (D:1)
  2 rats (D:1)
13 creatures vanquished.

Grand Total: 16 creatures vanquished

Notes
Turn   | Place    | Note
-------+----------+-------------------------------------------
     0 | D:1      | jasper the Merfolk Summoner began the quest for the Orb.
     0 | D:1      | Reached XP level 1. HP: 13/13 MP: 3/3
   184 | D:1      | Reached XP level 2. HP: 19/19 MP: 1/5
   361 | D:1      | Learned a level 2 spell: Call Imp
   596 | D:1      | Quit the game

Illustrated notes

Levels and vault maps discovered:
D:1:      lemuel_arrival_funnel, layout_basic, minmay_misc_feat_room,
          minmay_crystal_room

Action                     || total
---------------------------++-------
  Melee: Unarmed           ||    32
   Cast: Summon Small Mamm ||    15
         Call Imp          ||     5
 Armour: Robe              ||    24
  Dodge: Dodged            ||    16

Table legend: (Time is in decaauts)
 A = Elapsed time spent in this place.
 B = Non-inter-level travel time spent in this place.
 C = Inter-level travel time spent in this place.
 D = Time resting spent in this place.
 E = Time spent auto-exploring this place.
 F = Levels seen in this place.
 G = Mean time per level.
                   A        B        C        D        E       F      G
               +--------+--------+--------+--------+--------+-----+--------+
         Total |    596 |    596 |      0 |      0 |    455 |   1 |  596.0 |
       Dungeon |    596 |    596 |      0 |      0 |    455 |   1 |  596.0 |
               +--------+--------+--------+--------+--------+-----+--------+

Top non-repeatable levels by time:
     D:1: 596 daAuts
